 Dungeon Crawl Stone Soup version 0.22.1-5-g62c59d919a (webtiles) character file.

27327 Peloso the Carver (level 13, 0/117 HPs)
             Began as a Minotaur Fighter on Jan 13, 2019.
             Splashed by an oklob plant's acid (12 damage)
             ... on level 1 of the Lair of Beasts.
             The game lasted 00:46:47 (16634 turns).

Peloso the Carver (Minotaur Fighter)               Turns: 16634, Time: 00:46:48

Health: 0/117      AC:  7    Str: 24    XL:     13   Next: 3%
Magic:  13/13      EV:  9    Int: 12    God:
Gold:   1783       SH: 13    Dex: 12    Spells: 12/12 levels left

rFire    . . .     SeeInvis .   a - +9 long sword "Ciggiwki" {flame, *Corrode rPois Int+7}
rCold    . . .     Gourm    .   c - +0 shield
rNeg     . . .     Faith    .   p - +1 plate armour
rPois    +         Spirit   .   R - +1 hat
rElec    .         Reflect  .   O - +1 cloak
rCorr    .         Harm     .   (no gloves)
MR       +....                  (no boots)
Stlth    ..........             n - amulet of magic regeneration
HPRegen  0.29/turn              Q - +3 ring of protection
MPRegen  0.38/turn              x - ring of protection from magic

@: corroded
A: retaliatory headbutt, horns 2
a: no special abilities


You were on level 1 of the Lair of Beasts.
You were not hungry.

You visited 3 branches of the dungeon, and saw 14 of its levels.
You also visited: Labyrinth, Ossuary and Bailey.

You collected 1929 gold pieces.
You spent 146 gold pieces at shops.

Inventory:

Hand Weapons
 a - the +9 long sword "Ciggiwki" (weapon) {flame, *Corrode rPois Int+7}
   (You found it on level 12 of the Dungeon)

   It has been specially enchanted to burn those struck by it, causing extra
   injury to most foes and up to half again as much damage against particularly
   susceptible opponents.
   Big, fiery blades are also staple armaments of hydra-hunters.
   It affects your intelligence (+7).
   It protects you from poison.
   It may corrode you when you take damage.
 b - a +4 scimitar of flaming
 Z - the +2 short sword of Cataclysm {flame, MP+9 Str+5 Dex-2 SInv}
   (You took it off a kobold in a bailey)

   It has been specially enchanted to burn those struck by it, causing extra
   injury to most foes and up to half again as much damage against particularly
   susceptible opponents.
   It affects your strength (+5).
   It affects your dexterity (-2).
   It affects your magic capacity (+9).
   It lets you see invisible.
Armour
 c - a +0 shield (worn)
 k - a scarf of spirit shield
 p - a +1 plate armour (worn)
 O - a +1 cloak (worn)
 R - a +1 hat (worn)
 U - the +1 scale mail of Gravitas {rF- Dex+6}
   (You found it on level 11 of the Dungeon)

   It affects your dexterity (+6).
   It makes you vulnerable to fire.
Jewellery
 n - an amulet of magic regeneration (around neck)
 q - an uncursed ring of protection from cold
 s - an uncursed ring of ice
 u - an uncursed ring of wizardry
 x - a ring of protection from magic (right hand)
 C - an uncursed ring of flight
 I - an uncursed ring of positive energy
 Q - a +3 ring of protection (left hand)
 W - an uncursed ring of stealth {unknown}
 Y - an uncursed ring of magical power {unknown}
Wands
 y - a wand of flame (41)
 D - a wand of paralysis (34)
 G - a wand of acid (5)
 K - a wand of disintegration (15)
 N - a wand of polymorph (16)
 P - a wand of digging (17)
 T - a wand of random effects (15)
Scrolls
 h - 4 scrolls of teleportation
 i - a scroll of noise
 o - 3 scrolls of enchant weapon
 r - 2 scrolls of identify
 v - 2 scrolls of fear
 w - 6 scrolls of remove curse
 H - 3 scrolls of blinking
 L - 2 scrolls of amnesia
 M - a scroll of magic mapping
 S - a scroll of summoning
 V - a scroll of fog
Potions
 d - 2 potions of haste
 e - 2 potions of invisibility
 g - 3 potions of heal wounds
 j - 6 potions of mutation
 l - 3 potions of brilliance
 m - 5 potions of curing
 t - 3 potions of magic
 z - 3 potions of flight
 A - a potion of resistance
 B - a potion of ambrosia
 E - 2 potions of cancellation
Miscellaneous
 F - a phantom mirror
 J - 2 sacks of spiders
Comestibles
 f - 19 rations


   Skills:
 + Level 11.9 Fighting
 + Level 3.3(9.6) Short Blades
 + Level 14.6(14.8) Long Blades
 + Level 12.2 Armour
 + Level 3.9 Dodging
 + Level 1.0 Stealth
 + Level 12.9 Shields
 + Level 1.6 Evocations


You had 12 spell levels left.
You didn't know any spells.
Your spell library contained the following spells:

 Spells                   Type           Power        Failure   Level  Hunger
 Animate Skeleton         Necr           N/A          99%         1    ##.....
 Apportation              Tloc           #.....       99%         1    ##.....
 Confusing Touch          Hex            #.....       99%         1    ##.....
 Shock                    Conj/Air       #...         99%         1    ##.....
 Summon Small Mammal      Summ           #...         99%         1    ##.....
 Corpse Rot               Necr           N/A          99%         2    ###....
 Poisonous Vapours        Pois/Air       #.....       99%         2    ###....
 Sublimation of Blood     Necr           #.........   99%         2    ###....
 Swiftness                Chrm/Air       #.......     99%         2    ###....
 Confuse                  Hex            #.......     100%        3    ####...
 Conjure Flame            Conj/Fire      #.......     100%        3    ####...
 Gell's Gravitas          Tloc           #.........   100%        3    ####...
 Mephitic Cloud           Conj/Pois/Air  #.......     100%        3    ####...
 Static Discharge         Conj/Air       #.......     100%        3    ####...
 Airstrike                Air            #.........   100%        4    #####..
 Petrify                  Tmut/Erth      #.......     100%        4    #####..
 Agony                    Necr           #.......     100%        5    ######.
 Bolt of Draining         Conj/Necr      #.........   100%        5    ######.
 Dispel Undead            Necr           #.......     100%        5    ######.
 Excruciating Wounds      Chrm/Necr      #.........   100%        5    ######.
 Lightning Bolt           Conj/Air       #.........   100%        5    ######.
 Metabolic Englaciation   Hex/Ice        #.........   100%        5    ######.
 Yara's Violent Unravell  Hex/Tmut       #.........   100%        5    ######.
 Freezing Cloud           Conj/Ice/Air   #.........   100%        6    #######
 Ring of Flames           Chrm/Fire      #.........   100%        7    #######


Dungeon Overview and Level Annotations

Branches:
Dungeon (12/15)            Temple (1/1) D:4            Lair (1/6) D:9
    Orc (0/2) D:10

Altars:
Ashenzari
Cheibriados
Dithmenos
Elyvilon
Fedhas
Gozag
Hepliaklqana
Kikubaaqudgha
Makhleb
Nemelex Xobeh
Okawaru
Qazlal
Ru
Sif Muna
Trog
Uskayaw
Vehumet
Wu Jian
Xom
Yredelemnul
Zin
The Shining One

Shops:
D:7 =   D:9 =%}   D:11 =

Annotations:
Lair:1 exclusion: 3 oklob plants


Innate Abilities, Weirdness & Mutations

You reflexively headbutt those who attack you in melee.
You have a pair of horns on your head.


Message History

You slash the oklob plant! You burn the oklob plant.
You headbutt the oklob plant, but do no damage.
The oklob plant is almost destroyed.
Unknown command.
You hit the oklob plant. You burn the oklob plant.
You destroy the oklob plant!
The oklob plant spits acid at you. The splash of acid hits you!
The acid corrodes you!
You are splashed with acid!
The acid burns!
The oklob plant spits acid at you. The splash of acid hits you!
You are splashed with acid!
The acid burns!
The oklob plant spits acid at you. The splash of acid hits you!
The acid corrodes you!
You are splashed with acid!
The acid burns!
* * * LOW HITPOINT WARNING * * *
The oklob plant spits acid at you. The splash of acid hits you!
* * * LOW HITPOINT WARNING * * *
The acid corrodes you!
You are splashed with acid!
The acid burns!
You die...

##......[....P.......
#######.................
#)P$=$P..............##.
#$$.$................##.
#.P..)P..###.........###
#"....P..###....P.......
#P........##.......#P.#.
#######..##.............
#@.###.......##### ##.#
##.....## #
#.#####...### #
#...........# #
#####.......#####
#.............
##........####
#..........##
#..####......


You could see an oklob plant.

Vanquished Creatures
  A minotaur (Lab)
  Erica (D:9)
  Harold (D:8)
  6 hydras
  2 two-headed ogres
  2 unseen horrors
  The ghost of Gunterle the Covert, a novice OpAs of Ashenzari (D:9)
  The ghost of Cykl0x the Destroyer, a novice OpCj of Vehumet (D:7)
  An oklob plant (Lair:1)
  Maurice (D:12)
  A komodo dragon (Lair:1)
  6 spiny frogs (Lair:1)
  2 trolls (D:9)
  5 blink frogs (Lair:1)
  The ghost of Skull the Skirmisher, an amateur GrFi (D:4)
  3 hippogriffs
  Grinder (D:6)
  A spectral meliai (D:9)
  A shadow (D:12)
  A redback (Lab)
  A spriggan (D:9)
  Eustachio (D:4)
  3 basilisks
  A wyvern (D:8)
  9 yaks
  2 hungry ghosts (Lab)
  7 vampire mosquitoes
  Menkaure (D:6)
  Duvessa (D:4)
  A porcupine (Lair:1)
  5 water moccasins
  9 orc warriors
  3 black bears
  2 phantoms (D:5)
  4 sky beasts
  3 ice beasts
  4 centaurs
  6 ogres
  A wolf (Lair:1)
  7 crocodiles
  6 bullfrogs
  Blork the orc (D:4)
  A gnoll sergeant (D:12)
  5 water moccasin zombies
  Dowan (D:4)
  2 scorpions
  A wight (D:4)
  9 killer bees
  2 spriggan skeletons (Lab)
  An electric eel (Lair:1)
  A troll skeleton (Lab)
  4 crimson imps
  3 centaur zombies
  4 spectral centaurs (D:9)
  4 bullfrog zombies
  5 hounds
  11 orc wizards
  A gnoll shaman (D:6)
  A jelly (D:9)
  4 bullfrog skeletons
  8 orc priests
  Crazy Yiuf (D:2)
  A centaur skeleton (D:5)
  4 iguanas
  10 worker ants
  A big kobold zombie (Ossuary)
  An ogre skeleton (Lab)
  2 hound zombies
  A hound skeleton (D:4)
  3 mummies
  Robin (D:4)
  19 gnolls
  7 adders
  5 shadow imps
  An ooze (D:1)
  A spectral adder (D:7)
  5 adder zombies
  3 worms
  A dart slug (D:1)
  2 leopard geckos
  48 orcs
  4 giant cockroaches
  2 gnoll zombies (Ossuary)
  19 goblins
  14 hobgoblins
  6 jackals
  5 quokkas
  6 bats
  4 frilled lizards
  6 hobgoblin zombies (Ossuary)
  2 jackal skeletons
  A jackal zombie (D:7)
  16 kobolds
  5 kobold zombies (Ossuary)
  2 leopard gecko skeletons
  A leopard gecko zombie (D:7)
  5 orc zombies (Ossuary)
  6 rats
  3 plants
409 creatures vanquished.

Vanquished Creatures (others)
  2 orc wizards
  A fungus (Lair:1)
  3 plants
6 creatures vanquished.

Grand Total: 415 creatures vanquished

Notes
Turn   | Place    | Note
-------+----------+-------------------------------------------
     0 | D:1      | Peloso the Minotaur Fighter began the quest for the Orb.
     0 | D:1      | Reached XP level 1. HP: 19/19 MP: 0/0
   106 | D:1      | Reached XP level 2. HP: 27/27 MP: 1/1
   722 | D:2      | Reached XP level 3. HP: 33/33 MP: 2/2
   906 | D:2      | Found a runed door.
  1489 | D:2      | Found a deep blue altar of Sif Muna.
  1489 | D:2      | Reached skill level 3 in Long Blades
  1490 | D:2      | Found a basalt altar of Yredelemnul.
  1490 | D:2      | Found an iron altar of Okawaru.
  1491 | D:2      | Found a white marble altar of Elyvilon.
  1492 | D:2      | Found a blossoming altar of Fedhas.
  1494 | D:2      | Found a shattered altar of Ashenzari.
  1494 | D:2      | Found a sparkling altar of Nemelex Xobeh.
  2049 | D:3      | Reached XP level 4. HP: 19/40 MP: 3/3
  2562 | D:4      | Found a runed door.
  2565 | D:4      | Noticed Skull's ghost (amateur GrFi)
  2664 | D:4      | Reached skill level 1 in Dodging
  2664 | D:4      | Reached XP level 5. HP: 47/47 MP: 4/4
  2677 | D:4      | Found a transporter.
  2685 | D:4      | Found a transporter.
  2700 | D:4      | Noticed Eustachio
  2743 | D:4      | Killed Eustachio
  2743 | D:4      | Reached skill level 5 in Fighting
  2743 | D:4      | Reached skill level 4 in Long Blades
  2743 | D:4      | Reached skill level 5 in Shields
  2743 | D:4      | Reached XP level 6. HP: 28/56 MP: 5/5
  2950 | D:4      | Reached skill level 5 in Armour
  3031 | D:4      | Noticed Duvessa
  3044 | D:4      | Noticed Dowan
  3192 | D:2      | Noticed Crazy Yiuf
  3197 | D:2      | Killed Crazy Yiuf
  3323 | D:4      | Reached skill level 5 in Long Blades
  3323 | D:4      | Noticed Blork the orc
  3347 | D:4      | Killed Blork the orc
  3347 | D:4      | Reached XP level 7. HP: 32/61 MP: 6/6
  3517 | D:4      | Found a staircase to the Ecumenical Temple.
  3522 | Temple   | Entered the Ecumenical Temple
  3794 | D:4      | Killed Dowan
  3827 | D:4      | Killed Duvessa
  4059 | D:4      | Noticed Robin
  4072 | D:4      | Killed Robin
  4072 | D:4      | Reached skill level 6 in Long Blades
  4496 | D:5      | Entered Level 5 of the Dungeon
  4579 | D:5      | Found a hazy altar of Hepliaklqana.
  4579 | D:5      | Found a sacrificial altar of Ru.
  4584 | D:5      | Found a shimmering altar of Xom.
  4609 | D:5      | Found a faded altar of an unknown god.
  4774 | D:5      | Found an opulent altar of Gozag.
  4868 | D:5      | Reached skill level 7 in Long Blades
  4868 | D:5      | Reached XP level 8. HP: 36/70 MP: 5/7
  5222 | D:5      | Reached skill level 8 in Long Blades
  5350 | D:5      | Found a bloodstained altar of Trog.
  5425 | D:5      | Found a burning altar of Makhleb.
  5425 | D:5      | Found a radiant altar of Vehumet.
  5792 | D:6      | Found a sand-covered staircase.
  5796 | Ossuary  | Entered an ossuary
  5845 | Ossuary  | Reached skill level 9 in Long Blades
  6027 | D:6      | Reached XP level 9. HP: 77/79 MP: 8/8
  6258 | D:6      | Noticed Menkaure
  6268 | D:6      | Killed Menkaure
  6361 | D:6      | Noticed Grinder
  6382 | D:6      | Killed Grinder
  6475 | D:6      | Reached skill level 10 in Long Blades
  6738 | D:7      | Found Myer's Jewellery Shop.
  6747 | D:7      | Bought a cursed amulet of inaccuracy for 30 gold pieces
  6747 | D:7      | Bought a cursed ring of teleportation for 67 gold pieces
  7025 | D:7      | Found a transporter.
  7026 | D:7      | Noticed Cykl0x's ghost (novice OpCj)
  7037 | D:7      | Found a transporter.
  7399 | D:8      | Noticed Harold
  7423 | D:8      | Killed Harold
  7423 | D:8      | Reached skill level 11 in Long Blades
  7423 | D:8      | Reached XP level 10. HP: 33/90 MP: 5/9
  8289 | D:9      | Found a staircase to the Lair.
  8342 | D:9      | Found Tasoanai's Jewellery Shop.
  8586 | D:9      | Found a runed gate.
  8586 | D:9      | Found a runed gate.
  8587 | D:9      | Found a runed gate.
  8589 | D:9      | Noticed Gunterle's ghost (novice OpAs)
  8589 | D:9      | Noticed a spectral centaur warrior
  8652 | D:9      | Reached skill level 10 in Shields
  8667 | D:9      | Found a sparkling altar of Nemelex Xobeh.
  8692 | D:9      | Found Wucaoseo's Gadget Boutique.
  8746 | D:9      | Found a flagged portal.
  8747 | D:9      | Noticed Erica
  8767 | D:9      | Killed Erica
  8782 | Bailey   | Entered a bailey
  9036 | Bailey   | Reached skill level 12 in Long Blades
  9140 | Bailey   | Got a brightly glowing short sword {flame}
  9141 | Bailey   | Identified the cursed +2 short sword of Cataclysm {flame,
                  | MP+9 Str+5 Dex-2 SInv} (You took it off a kobold in a
                  | bailey)
  9478 | D:9      | Found Xying's Food Boutique.
  9868 | D:7      | Killed Cykl0x's ghost
  9872 | D:7      | Reached XP level 11. HP: 68/97 MP: 8/10
 10178 | D:4      | Killed Skull's ghost
 10502 | D:10     | Entered Level 10 of the Dungeon
 10568 | D:10     | Found an ancient bone altar of Kikubaaqudgha.
 10793 | D:10     | Found a staircase to the Orcish Mines.
 10961 | D:10     | Noticed an unseen horror
 10972 | D:10     | Killed an unseen horror
 11137 | D:11     | Found Nuityme's Jewellery Emporium.
 11142 | D:11     | Bought a cursed ring of attention for 49 gold pieces
 11286 | D:11     | Got a fine scale mail
 11297 | D:11     | Identified the +1 scale mail of Gravitas {rF- Dex+6} (You
                  | found it on level 11 of the Dungeon)
 11424 | D:11     | Reached skill level 1 in Short Blades
 11458 | D:11     | Killed an unseen horror
 11458 | D:11     | Reached skill level 10 in Fighting
 11559 | D:11     | Noticed a five-headed hydra
 11575 | D:11     | Killed a two-headed hydra
 12022 | D:11     | Noticed a two-headed ogre
 12032 | D:11     | Killed a two-headed ogre
 12032 | D:11     | Reached skill level 13 in Long Blades
 12168 | D:11     | Reached skill level 10 in Armour
 12359 | Lair:1   | Entered Level 1 of the Lair of Beasts
 12386 | Lair:1   | Noticed an eight-headed hydra
 12396 | Lair:1   | Killed a four-headed hydra
 12415 | Lair:1   | Reached XP level 12. HP: 44/108 MP: 11/11
 12944 | Lair:1   | Noticed a seven-headed hydra
 12956 | Lair:1   | Killed a two-headed hydra
 13025 | Lair:1   | Reached skill level 14 in Long Blades
 13670 | Lair:1   | Noticed an eight-headed hydra
 13674 | Lair:1   | Killed a five-headed hydra
 13762 | Lair:1   | Noticed a six-headed hydra
 13768 | Lair:1   | Killed a four-headed hydra
 14210 | D:9      | Killed Gunterle's ghost
 14222 | D:9      | Reached skill level 1 in Stealth
 14408 | D:12     | Noticed Maurice
 14417 | D:12     | Noticed a five-headed hydra
 14430 | D:12     | Killed a three-headed hydra
 14626 | D:12     | Reached skill level 1 in Evocations
 14663 | D:12     | Found a labyrinth entrance.
 14681 | Lab      | Entered a labyrinth
 15756 | Lab      | Noticed a minotaur
 15774 | Lab      | Killed a minotaur
 15801 | D:12     | Killed Maurice
 16127 | D:12     | Noticed a two-headed ogre
 16136 | D:12     | Killed a two-headed ogre
 16136 | D:12     | Reached XP level 13. HP: 58/117 MP: 13/13
 16275 | D:12     | Got a polished long sword
 16276 | D:12     | Identified the +9 long sword "Ciggiwki" {flame, *Corrode
                  | rPois Int+7} (You found it on level 12 of the Dungeon)
 16634 | Lair:1   | Splashed by an oklob plant's acid

Skill      XL: |  1  2  3  4  5  6  7  8  9 10 11 12 |
---------------+-------------------------------------+-----
Shields        | 4 5 6 7 9 10 11 12 | 12.9
Armour         | 4 5 6 7 8 10 12 | 12.2
Fighting       | 4 5 7 8 9 10 11 | 11.9
Long Blades    | 3 4 5 7 9 11 12 13 14 | 14.6
Dodging        | 1 3 |  3.9
Short Blades   | 3 |  3.3
Stealth        | 1 |  1.0
Evocations     | 1 |  1.6

Action                   |  1- 3 |  4- 6 |  7- 9 | 10-12 | 13-15 || total
-------------------------+-------+-------+-------+-------+-------++-------
Melee: Long sword        |   128 |   138 |   551 |   138 |    14 ||   969
       Headbutt          |    15 |    36 |   119 |   144 |     7 ||   321
       Scimitar          |       |       |       |   510 |       ||   510
       Short sword       |       |       |       |    46 |       ||    46
Evoke: Wand              |       |       |       |    14 |       ||    14
  Use: Potion            |       |     1 |       |     9 |       ||    10
       Scroll            |       |     6 |     4 |    16 |     5 ||    31
 Stab: Distracted        |       |       |     1 |       |       ||     1
  Eat: Chunk             |     3 |     5 |    11 |    16 |       ||    35
       Ration            |       |       |     1 |     3 |     1 ||     5
Armor: Scale mail        |    39 |       |       |       |       ||    39
       Plate armour      |    35 |   121 |   247 |   309 |     2 ||   714
Dodge: Dodged            |    32 |    22 |    86 |   152 |     1 ||   293
Block: Shield            |    61 |    76 |   281 |   363 |       ||   781
       Rpst.: Long sword |     9 |     8 |    35 |     4 |       ||    56
       Scimitar          |       |       |       |    22 |       ||    22
